 Dungeon Crawl Stone Soup version 0.21-a0-529-g8c7b3f5 (webtiles) character file.

688 slep the Chopper (level 7, -1/35 HPs)
             Began as a Vine Stalker Gladiator on Dec 12, 2017.
             Slain by Bofadeez's ghost (10 damage)
             ... on level 4 of the Dungeon.
             The game lasted 00:12:06 (2179 turns).

slep the Chopper (Vine Stalker Gladiator)           Turns: 2179, Time: 00:12:07

Health: -1/35      AC:  8    Str: 15 (18) XL:     7   Next: 62%
Magic:  0/8        EV: 12    Int:  8      God:
Gold:   98         SH:  0    Dex: 15 (16) Spells: 6/6 levels left

rFire    . . .     SeeInvis .   a - +0 war axe
rCold    + . .     Gourm    .   (no shield)
rNeg     . . .     Faith    .   q - +1 ring mail {rC+}
rPois    .         Spirit   +   c - +0 helmet
rElec    .         Reflect  .   (no cloak)
rCorr    .         Harm     .   y - +0 pair of gloves
MR       .....                  (no boots)
Stlth    +.........             (no amulet)
HPRegen  0.51/turn              (no ring)
MPRegen  0.11/turn              (no ring)

@: no status effects
A: fangs 2, regeneration 1, magic shield, antimagic bite, no potion heal 3, rot
immunity
a: no special abilities


You were on level 4 of the Dungeon.
You were not hungry.

You visited 1 branch of the dungeon, and saw 4 of its levels.

You collected 98 gold pieces.

Inventory:

Hand Weapons
 a - a +0 war axe (weapon)
 t - a +1 flail of venom
Missiles
 d - 3 throwing nets (quivered)
Armour
 b - a +0 leather armour
 c - a +0 helmet (worn)
 i - a +0 ring mail
 q - a +1 ring mail of cold resistance (worn)
 y - a +0 pair of gloves (worn)
Scrolls
 e - 5 scrolls of remove curse {unknown}
 g - 5 scrolls of identify {unknown}
 h - 2 scrolls of enchant armour {unknown}
 k - 2 scrolls of magic mapping {unknown}
 o - 3 scrolls of teleportation {unknown}
 v - a scroll of blinking {unknown}
 x - a scroll of enchant weapon {unknown}
Potions
 p - a potion of heal wounds
 w - a potion of curing
Comestibles
 f - 3 bread rations
 l - 3 fruits
 m - a meat ration
 u - a royal jelly
 z - 5 chunks of flesh


   Skills:
 + Level 2.8 Fighting
 + Level 6.0 Axes
 + Level 0.9(3.8) Maces & Flails
 + Level 1.8 Throwing
 + Level 2.6 Armour
 + Level 3.2 Dodging
 + Level 1.7 Stealth


You had 6 spell levels left.
You didn't know any spells.

Dungeon Overview and Level Annotations

Branches:
Dungeon (4/15)
 Temple: D:4-7

Altars:
Dithmenos
Elyvilon
Kikubaaqudgha
Makhleb
Sif Muna
Yredelemnul
Zin

Annotations:
D:4 Bofadeez's ghost, amateur DsAK


Innate Abilities, Weirdness & Mutations

You have extremely sharp teeth.
Your natural rate of healing is unusually fast.
When hurt, damage is shared between your health and your magic reserves.
Your bite disrupts and absorbs the magic of your enemies.
Potions cannot restore your health.
You are immune to rotting.


Message History

You hear the slow hiss of a very distant avalanche of sand.
Bofadeez's ghost hits you but does no damage.
You barely miss Bofadeez's ghost.
You bite Bofadeez's ghost, but do no damage.
Bofadeez's ghost is lightly damaged.
Bofadeez's ghost says, "My insurmountable tactics guarantee your defeat."
Bofadeez's ghost closely misses you.
You barely miss Bofadeez's ghost. Your bite misses Bofadeez's ghost.
Bofadeez's ghost is lightly damaged.
Bofadeez's ghost misses you.
You hit Bofadeez's ghost.
Bofadeez's ghost is moderately damaged.
Bofadeez's ghost whispers, "Soon you will have time, lots of time..."
Bofadeez's ghost hits you!
* * * LOW HITPOINT WARNING * * *
Your ring mail prevents you from hitting Bofadeez's ghost.
Your bite misses Bofadeez's ghost.
Bofadeez's ghost is moderately damaged.
Bofadeez's ghost hits you!
You die...

#.# #.# #.# #.#
#.# #.# #####
#.#
......#######.#
#.W@......#
#.######### #


You could see Bofadeez's ghost.

Vanquished Creatures
  A phantom (D:4)
  2 ogres
  3 orc wizards
  2 orc priests (D:4)
  A bullfrog skeleton (D:4)
  A hound skeleton (D:4)
  7 gnolls (D:3)
  7 adders
  2 oozes (D:1)
  5 worms
  3 leopard geckos
  10 orcs
  4 ball pythons
  10 bats
  5 giant cockroaches
  6 goblins
  3 hobgoblins (D:3)
  4 jackals (D:1)
  8 frilled lizards
  7 kobolds
  15 rats
106 creatures vanquished.

Notes
Turn   | Place    | Note
-------+----------+-------------------------------------------
     0 | D:1      | slep the Vine Stalker Gladiator began the quest for the Orb.
     0 | D:1      | Reached XP level 1. HP: 11/11 MP: 2/2
    64 | D:1      | Reached skill level 3 in Axes
    67 | D:1      | Reached XP level 2. HP: 7/15 MP: 1/3
   232 | D:1      | Reached XP level 3. HP: 7/18 MP: 2/4
   600 | D:2      | Found a faded altar of an unknown god.
   814 | D:2      | Gained mutation: Your natural rate of healing is unusually fast. [Vine Stalker growth]
   814 | D:2      | Reached XP level 4. HP: 23/23 MP: 5/5
   820 | D:2      | Reached skill level 4 in Axes
   999 | D:2      | Noticed an Executioner
  1000 | D:2      | Found a burning altar of Makhleb.
  1005 | D:2      | Found a glowing silver altar of Zin.
  1005 | D:2      | Noticed an angel
  1110 | D:3      | Reached skill level 1 in Armour
  1124 | D:3      | Reached skill level 1 in Stealth
  1124 | D:3      | Reached XP level 5. HP: 4/26 MP: 1/6
  1279 | D:3      | Reached XP level 6. HP: 10/30 MP: 2/7
  1452 | D:3      | Reached skill level 5 in Axes
  1984 | D:4      | Found a shadowy altar of Dithmenos.
  1991 | D:4      | Noticed a phantom
  1991 | D:4      | Reached XP level 7. HP: 11/35 MP: 4/8
  2116 | D:4      | Found an ancient bone altar of Kikubaaqudgha.
  2117 | D:4      | Found a white marble altar of Elyvilon.
  2118 | D:4      | Found a deep blue altar of Sif Muna.
  2132 | D:4      | Found a basalt altar of Yredelemnul.
  2154 | D:4      | Reached skill level 6 in Axes
  2167 | D:4      | Noticed Bofadeez's ghost (amateur DsAK)
  2179 | D:4      | Slain by Bofadeez's ghost

Vault maps used:
D:1:      lightli_iron_boxes
D:2:      grunt_temple_overflow_order_and_chaos_2, first_bread,
          chequers_ecumenical_altar_simple_redux
D:3:      minmay_door_path, kennysheep_another_room
D:4:      cheibrodos_fertilizer, grunt_dithmenos_smoke,
          gammafunk_temple_overflow_forgotten, kennysheep_mini_moat,
          evilmike_ruin_ashenzari, cheibrodos_sewer_entry_bend,
          nicolae_ossuary_entry_catacombs

Skill      XL: |  1  2  3  4  5  6  7 |
---------------+----------------------+-----
Axes           | 3 4 5 6 |  6.0
Fighting       | 2 |  2.8
Armour         | 1 2 |  2.6
Stealth        | 1 |  1.7
Dodging        | 3 |  3.2
Maces & Flails | |  0.9
Throwing       | |  1.8

Action                   |  1- 3 |  4- 6 |  7- 9 || total
-------------------------+-------+-------+-------++-------
Melee: War axe           |    78 |   157 |    48 ||   283
       Bite              |    13 |    42 |    15 ||    70
       Flail             |       |     6 |       ||     6
  Use: Potion            |       |       |     6 ||     6
 Stab: Sleeping          |       |     1 |       ||     1
  Eat: Chunk             |       |     3 |     2 ||     5
Armor: Leather armour    |    16 |       |       ||    16
       Ring mail         |    25 |    71 |    18 ||   114
Dodge: Dodged            |    77 |   105 |    20 ||   202

Table legend:
 A = Spawn XP
 B = Non-spawn XP
 C = Spawn XP percentage of total XP
 D = Spawn monster count
 E = Non-spawn monster count
 F = Spawn count percentage of total count
 G = Total turns spent on level
                    A         B        C        D         E        F      G
               +---------+---------+-------+---------+---------+-------+---------
         Total |       0 |     983 |   0.0 |       0 |     106 |   0.0 |  2179
               +---------+---------+-------+---------+---------+-------+---------
           D:1 |       0 |      49 |   0.0 |       0 |      24 |   0.0 |   542
           D:2 |       0 |      68 |   0.0 |       0 |      25 |   0.0 |   564
           D:3 |       0 |     429 |   0.0 |       0 |      47 |   0.0 |   877
           D:4 |       0 |     437 |   0.0 |       0 |      10 |   0.0 |   196
               +---------+---------+-------+---------+---------+-------+---------
